 Dungeon Crawl Stone Soup version 0.28-a0-697-g47f3eba078 (webtiles) character file.

Game seed: 1069824749443118262

81 RepHenryClay the Stinger (level 4, -2/36 HPs)
             Began as a Naga Venom Mage on Oct 23, 2021.
             Slain by an ogre (20 damage)
             ... on level 3 of the Dungeon.
             The game lasted 00:04:09 (2907 turns).

RepHenryClay the Stinger (Naga Venom Mage)          Turns: 2907, Time: 00:04:09

Health: -2/36      AC:  3    Str: 11    XL:     4   Next: 40%
Magic:  2/7        EV:  9    Int: 16    God:
Gold:   93         SH:  0    Dex: 11    Spells: 1/7 levels left

rFire   . . .      SeeInvis +   (no weapon)
rCold   . . .      Faith    .   (no shield)
rNeg    . . .      Spirit   .   a - +0 robe
rPois   +          Reflect  .   g - +1 hat
rElec   .          Harm     .   (no cloak)
rCorr   .          Rampage  .   (no gloves)
Will    .....                   (no barding)
Stlth   ++........              (no amulet)
HPRegen 0.12/turn               (no ring)
MPRegen 0.10/turn               (no ring)

@: short of breath, very slow
A: AC +1, large, see invisible, deformed body, poison resistance, slowness 2,
spit poison 1, naga tail 1
a: Spit Poison


You were on level 3 of the Dungeon.
You visited 1 branch of the dungeon, and saw 3 of its levels.

You collected 93 gold pieces.

Inventory:

Missiles
 e - 14 poisoned darts
Armour
 a - a +0 robe (worn)
 g - a +1 hat (worn)
Jewellery
 j - an amulet of reflection
Scrolls
 f - a scroll of magic mapping {unknown}
 i - a scroll of identify {@r1}
 k - a scroll of blinking {unknown}
Potions
 b - 2 potions of flight
 c - a potion of lignification {unknown}
 d - a potion of curing {unknown}
 h - a potion of haste {unknown}


   Skills:
 - Level 1.5 Dodging
 - Level 3.0 Stealth
 - Level 2.0 Spellcasting
 + Level 0.0 Conjurations
 - Level 1.0 Transmutations
 + Level 0.0 Air Magic
 - Level 6.7 Poison Magic


You had one spell level left.
You knew the following spells:

 Your Spells              Type           Power      Damage    Failure   Level
a - Sting                 Tmut/Pois      56%        1d5       4%          1
b - Poisonous Vapours     Pois/Air       24%        N/A       8%          2
c - Mephitic Cloud        Conj/Pois/Air  8%         N/A       24%         3

Your spell library contained the following spells:

 Spells                   Type           Power      Damage    Failure   Level
 Apportation              Tloc           2%         N/A       21%         1
 Freeze                   Ice            4%         1d3       21%         1
 Spider Form              Tmut/Pois      7%         N/A       13%         3
 Olgreb's Toxic Radiance  Pois           23%        N/A       13%         4
 Ensorcelled Hibernation  Hex/Ice        2%         N/A       30%         2
 Frozen Ramparts          Ice            2%         1d2       52%         3
 Alistair's Intoxication  Tmut/Pois      9%         N/A       75%         5
 Hailstorm                Conj/Ice       1%         3d3       90%         4
 Invisibility             Hex            0%         N/A       100%        6


Dungeon Overview and Level Annotations

Branches:
Dungeon (3/15)

Altars:

Annotations:
D:2 exclusions: phantom and 1 more exclusion


Innate Abilities, Weirdness & Mutations

Your serpentine skin is tough. (AC +1)
You have supernaturally acute eyesight. (SInv)
Armour fits poorly on your strangely shaped body.
Your system is resistant to poisons. (rPois)
You cover ground very slowly.
You can spit poison.
You have a snake-like lower body.


Message History

Casting: Sting (safe; 4% risk of failure)
Confirm with . or Enter, or press ? or * to list all spells.
Aiming: Sting (safe; 4% risk of failure)
Press: ? - help, Shift-Dir - straight line, f/p - ogre
Aim: an ogre, wielding a +0 giant spiked club (lightly wounded, 86% to hit)
The sting hits the ogre.
The ogre is poisoned.
The ogre is lightly wounded.
Casting: Sting (safe; 4% risk of failure)
Confirm with . or Enter, or press ? or * to list all spells.
The spell is quite dangerous to cast (24% risk of failure)!
Continue anyway?
Okay, then.
Casting: Mephitic Cloud (quite dangerous; 24% risk of failure)
Confirm with . or Enter, or press ? or * to list all spells.
The spell is quite dangerous to cast (24% risk of failure)!
Continue anyway?
Aiming: Mephitic Cloud (quite dangerous; 24% risk of failure)
Press: ? - help, Shift-Dir - straight line, f/p - ogre
Aim: an ogre, wielding a +0 giant spiked club (lightly wounded, poisoned, chance to affect: 77%)
The ball explodes into a vile cloud!
The stinking cloud engulfs the ogre but does no damage.
The ogre is lightly wounded.
You have got your breath back.
The ogre is engulfed in noxious fumes.
The ogre appears confused.
The ogre laughs at nothing.
Casting: Mephitic Cloud (quite dangerous; 24% risk of failure)
Confirm with . or Enter, or press ? or * to list all spells.
Aiming: Sting (safe; 4% risk of failure)
Press: ? - help, Shift-Dir - straight line, f/p - ogre
Aim: an ogre, wielding a +0 giant spiked club (moderately wounded, confused, poisoned, 98% to hit)
The sting hits the ogre.
The ogre looks even sicker.
The ogre is moderately wounded.
The ogre hits you with a +0 giant spiked club!!
Ouch! That really hurt!
Huge Dmg: -50%(-18hp) hp: 50%(18hp)
Press: ? - help, Shift-Dir - straight line, f/p - ogre
Aim: an ogre, wielding a +0 giant spiked club (heavily wounded, confused, very poisoned)
The splash of poison hits the ogre!
The ogre is severely wounded.
The ogre hits you with a +0 giant spiked club!!
Ouch! That really hurt!
You die...

#####.# #.# #..#######
......#####.###..####..
#.....................#.#
#.###.#########.#.###...#
#.# #.# #...........# ..#
#.# #.#.#.#.#... ### #(#
#.#.#.# # # #.#
##.#○..#.# #.# #..g○O@..#
#.# #..####..# #####.# #.
....# ......# # ....#
####### .##.# .# ... .#
### ##


You could see an ogre (confused, very poisoned) and a goblin.

Vanquished Creatures
  Jessica (D:2)
  2 adders
  3 bats
  5 endoplasms
  4 giant cockroaches
  4 hobgoblins
  4 kobolds
  2 quokkas
  5 ball pythons
  2 frilled lizards (D:2)
  A goblin (D:2)
  2 rats
35 creatures vanquished.

Notes
Turn   | Place    | Note
-------+----------+-------------------------------------------
     0 | D:1      | RepHenryClay the Naga Venom Mage began the quest for the
                  | Orb.
     0 | D:1      | Reached XP level 1. HP: 15/15 MP: 3/3
   122 | D:1      | Found a faded altar of an unknown god.
   320 | D:1      | Reached XP level 2. HP: 22/22 MP: 1/5
  1112 | D:2      | Reached skill level 5 in Poison Magic
  1115 | D:2      | Reached XP level 3. HP: 28/28 MP: 1/6
  1183 | D:2      | Noticed a phantom
  1195 | D:2      | Learned a level 2 spell: Poisonous Vapours
  1199 | D:2      | Learned a level 3 spell: Mephitic Cloud
  1370 | D:2      | Noticed Jessica
  1378 | D:2      | Killed Jessica
  1379 | D:2      | Reached skill level 6 in Poison Magic
  1619 | D:2      | Reached XP level 4. HP: 36/36 MP: 5/7
  2902 | D:3      | Noticed an ogre
  2907 | D:3      | Slain by an ogre

Illustrated notes

Levels and vault maps discovered:
D:1:      dpeg_arrival_castle, layout_basic,
          shapermc_ecumenical_altar_totnotflames, roderic_serpentine_path
D:2:      layout_basic, eino_tiny_chamber, minmay_liquid_box,
          minmay_misc_feat_pillars, uniq_jessica
D:3:      layout_loops_ring, makhleb_altar_promises_db

Skill      XL: |  1  2  3 |
---------------+----------+-----
Poison Magic   | 5 6 |  6.7
Dodging        | |  1.5
Stealth        | |  3.0
Spellcasting   | |  2.0
Transmutations | |  1.0

Action                   |  1- 3 |  4- 6 || total
-------------------------+-------+-------++-------
Melee: Unarmed           |    11 |     2 ||    13
 Cast: Sting             |    32 |    36 ||    68
       Mephitic Cloud    |       |     1 ||     1
 Abil: Spit Poison       |     4 |     2 ||     6
  Use: Scroll            |     3 |       ||     3
 Stab: Sleeping          |     2 |       ||     2
Armor: Robe              |     5 |     4 ||     9
Dodge: Dodged            |     5 |    10 ||    15

Table legend: (Time is in decaauts)
 A = Elapsed time spent in this place.
 B = Non-inter-level travel time spent in this place.
 C = Inter-level travel time spent in this place.
 D = Time resting spent in this place.
 E = Time spent auto-exploring this place.
 F = Levels seen in this place.
 G = Mean time per level.
                   A        B        C        D        E       F      G
               +--------+--------+--------+--------+--------+-----+--------+
         Total |   3652 |   3512 |    140 |    205 |   2967 |   3 | 1217.3 |
       Dungeon |   3652 |   3512 |    140 |    205 |   2967 |   3 | 1217.3 |
               +--------+--------+--------+--------+--------+-----+--------+

Top non-repeatable levels by time:
     D:2: 1639 daAuts
     D:1: 1389 daAuts
     D:3: 623 daAuts
